 Dungeon Crawl Stone Soup version 0.25-a0-194-gece12570e2 (webtiles) character file.

Game seed: 10098489421118406216, levelgen mode: deterministic

6500 Lanoc the Spear-Bearer (level 10, 0/81 HPs)
             Began as a Minotaur Abyssal Knight on Nov 30, 2019.
             Was a High Priest of Lugonu.
             Slain by a wolf (7 damage)
             ... led by Grum
             ... on level 10 of the Dungeon.
             The game lasted 00:17:57 (7584 turns).

Lanoc the Spear-Bearer (Minotaur Abyssal Knight)    Turns: 7584, Time: 00:17:57

Health: 0/81       AC: 13    Str: 22      XL:     10   Next: 69%
Magic:  14/14      EV: 11    Int: 11      God:    Lugonu [*****.]
Gold:   527        SH:  4    Dex: 11 (13) Spells: 9/9 levels left

rFire    + . .     SeeInvis .   w - +0 trident
rCold    . . .     Gourm    .   t - +0 buckler {AC+3}
rNeg     . . .     Faith    .   e - +0 chain mail
rPois    .         Spirit   .   (helmet restricted)
rElec    .         Reflect  .   (no cloak)
rCorr    .         Harm     .   (no gloves)
MR       +....                  (no boots)
Stlth    ..........             d - amulet of regeneration
HPRegen  0.63/turn              y - ring of protection from fire
MPRegen  0.14/turn              (no ring)

@: mighty
A: retaliatory headbutt, horns 2, clever 1, deterioration 1, frail 1, magic
resistance 1
a: Depart the Abyss, Bend Space, Banish, Corrupt, Enter the Abyss, Renounce
Religion


You were on level 10 of the Dungeon.
You worshipped Lugonu.
Lugonu was extremely pleased with you.
You were not hungry.

You visited 2 branches of the dungeon, and saw 11 of its levels.
You visited the Abyss 1 time.

You collected 527 gold pieces.

Inventory:

Hand Weapons
 q - a +1 hunting sling of freezing
 w - a +0 trident (weapon)
Missiles
 b - 5 atropa-tipped darts
 k - 277 stones
 m - 115 sling bullets
 D - 18 poisoned darts
 E - 2 curare-tipped darts (quivered)
Armour
 e - a +0 chain mail (worn)
 l - a +0 shield
 r - a +0 large shield
 t - a +0 buckler of protection (worn)
Jewellery
 d - an amulet of regeneration (around neck)
 y - a ring of protection from fire (left hand)
Wands
 h - a wand of digging (3)
 s - a wand of iceblast (23)
 u - a wand of flame (14)
 F - a wand of enslavement (11)
 G - a wand of polymorph (10)
Scrolls
 a - a scroll of immolation
 g - 6 scrolls of teleportation
 p - a scroll of enchant armour {unknown}
 x - a scroll of vulnerability {unknown}
 B - a scroll of amnesia {unknown}
 C - 2 scrolls of fear
 H - 5 scrolls of remove curse
 J - 2 scrolls of identify
 K - a scroll of noise {unknown}
 M - 2 scrolls of acquirement {unknown}
Potions
 i - a potion of invisibility
 n - 2 potions of brilliance
 o - 3 potions of lignification
 v - a potion of ambrosia {unknown}
 I - a potion of flight {unknown}
 L - a potion of degeneration {unknown}
Comestibles
 c - 20 rations
 f - 2 chunks of flesh


   Skills:
 + Level 8.7 Fighting
 * Level 11.1 Polearms
 + Level 8.1 Armour
 + Level 7.1 Dodging
 - Level 4.0 Shields
 + Level 6.7 Invocations


You had 9 spell levels left.
You didn't know any spells.
Your spell library was empty.

Dungeon Overview and Level Annotations

Branches:
Dungeon (10/15)            Temple (1/1) D:5            Lair (0/6) D:9
    Orc: D:9-12

Altars:
Elyvilon
Fedhas
Kikubaaqudgha
Makhleb
Nemelex Xobeh
Okawaru
Qazlal
Ru
Sif Muna
Uskayaw
Wu Jian
Yredelemnul
Zin
The Shining One

Annotations:
D:6 1 transporter, forest's ghost, novice SpAs
D:10 Grum


Innate Abilities, Weirdness & Mutations

You reflexively headbutt those who attack you in melee.
You have a pair of horns on your head.
Your mind is acute. (Int +2)
Your body sometimes deteriorates upon taking damage.
You are frail. (-10% HP)
You are resistant to hostile enchantments. (MR+)


Message History

The wolf misses you. Grum misses you. You block the wolf's attack.
The wolf barely misses you. You furiously retaliate!
You headbutt the wolf! You puncture Grum! Your headbutt misses Grum.
Grum is moderately wounded.
The wolf barely misses you. You furiously retaliate!
You headbutt the wolf! The wolf barely misses you. You block Grum's attack.
You closely miss Grum.
Grum is moderately wounded.
The wolf bites you!
* * * LOW HITPOINT WARNING * * *
The wolf bites you but does no damage. Grum hits you with a +0 halberd.
* * * LOW HITPOINT WARNING * * *
The wolf misses you. The wolf closely misses you. You furiously retaliate!
You headbutt the wolf!
You kill the wolf!
Lugonu accepts your kill.
You closely miss Grum. Your headbutt misses Grum.
Grum is moderately wounded.
The wolf bites you!
You die...

#............#
#............#
#............#
#............#
#............#
#............#
###............#
........h.......#
.......g@.......#
...####.........#
.. #.........# .
#.........#
#.........#
.####.........#
.)............#
..............#
..............#


You could see Grum and a wolf.

Vanquished Creatures
  A manticore (D:9)
  A guardian serpent (D:9)
  Psyche (D:8)
  Grinder (D:4)
  A hippogriff (D:8)
  A wyvern (D:9)
  3 yaks (D:9)
  A steam dragon (D:9)
  Menkaure (D:7)
  2 orc warriors
  An ice beast (D:9)
  5 sky beasts
  A phantom (D:5)
  2 wolves (D:10)
  3 ogres
  A centaur (D:8)
  2 big kobolds
  A gnoll sergeant (D:9)
  4 bullfrogs
  3 scorpions (D:6)
  15 killer bees
  An oklob sapling (D:5)
  A howler monkey (D:5)
  4 crimson imps
  A centaur zombie (D:5)
  4 bullfrog skeletons
  A hound (D:7)
  A jelly (D:9)
  5 orc priests
  4 orc wizards
  2 centaur skeletons
  4 iguanas
  A hell rat (D:9)
  10 worker ants
  2 hound zombies (D:5)
  A hound skeleton (D:4)
  A worker ant zombie (D:8)
  11 adders
  5 gnolls
  A river rat (D:9)
  A shadow imp (D:8)
  2 oozes
  2 adder skeletons
  A worm (D:2)
  2 dart slugs (D:1)
  3 leopard geckos
  20 orcs
  A ball python (D:3)
  8 bats
  7 giant cockroaches
  10 goblins
  8 hobgoblins
  16 jackals
  6 quokkas
  4 frilled lizards
  11 kobolds
  A leopard gecko skeleton (D:9)
  6 rats
  2 plants (D:5)
222 creatures vanquished.

Vanquished Creatures (others)
  A phantom (D:9)
  A gnoll (D:8)
2 creatures vanquished.

Grand Total: 224 creatures vanquished

Notes
Turn   | Place    | Note
-------+----------+-------------------------------------------
     0 | Abyss:1  | Lanoc the Minotaur Abyssal Knight began the quest for the
                  | Orb.
     0 | Abyss:1  | Reached XP level 1. HP: 19/19 MP: 1/1
    27 | Abyss:1  | Found a blossoming altar of Fedhas.
    43 | Abyss:1  | Noticed a black draconian
    44 | D:1      | Escaped the Abyss
    89 | D:1      | Reached * piety under Lugonu
    92 | D:1      | Reached XP level 2. HP: 27/27 MP: 2/2
   395 | D:1      | Reached skill level 3 in Polearms
   442 | D:1      | Reached XP level 3. HP: 33/33 MP: 3/3
   501 | D:1      | Reached ** piety under Lugonu
   986 | D:2      | Reached skill level 1 in Shields
  1179 | D:2      | Found a shimmering blue altar of Sif Muna.
  1220 | D:2      | Reached XP level 4. HP: 36/40 MP: 4/4
  1536 | D:2      | Found a sparkling altar of Nemelex Xobeh.
  2001 | D:3      | Found a stormy altar of Qazlal.
  2203 | D:3      | Found a glowing golden altar of the Shining One.
  2309 | D:3      | Reached skill level 4 in Polearms
  2309 | D:3      | Reached XP level 5. HP: 37/47 MP: 5/5
  2323 | D:3      | Reached *** piety under Lugonu
  2346 | D:3      | Found a glowing silver altar of Zin.
  2394 | D:4      | Found an ornate altar of the Wu Jian Council.
  2501 | D:4      | Found a hide-covered altar of Uskayaw.
  2535 | D:4      | Reached XP level 6. HP: 53/55 MP: 7/7
  2675 | D:4      | Noticed Grinder
  2687 | D:4      | Killed Grinder
  2687 | D:4      | Reached skill level 5 in Fighting
  2687 | D:4      | Reached skill level 5 in Polearms
  2687 | D:4      | Reached XP level 7. HP: 45/61 MP: 8/8
  2990 | D:5      | Entered Level 5 of the Dungeon
  3002 | D:5      | Found a sacrificial altar of Ru.
  3130 | D:5      | Reached skill level 6 in Polearms
  3190 | D:5      | Found a burning altar of Makhleb.
  3191 | D:5      | Noticed an Executioner
  3261 | D:5      | Found a staircase to the Ecumenical Temple.
  3359 | D:5      | Reached XP level 8. HP: 70/70 MP: 9/9
  3370 | Temple   | Entered the Ecumenical Temple
  3505 | D:5      | Found an iron altar of Okawaru.
  3629 | D:5      | Reached skill level 5 in Armour
  3710 | D:5      | Found a blossoming altar of Fedhas.
  3711 | D:5      | Found an ancient bone altar of Kikubaaqudgha.
  4072 | D:6      | Reached skill level 7 in Polearms
  4095 | D:6      | Found a basalt altar of Yredelemnul.
  4240 | D:6      | Noticed forest's ghost (novice SpAs)
  4243 | D:6      | Found a transporter.
  4334 | D:6      | Found a white marble altar of Elyvilon.
  4352 | D:6      | Reached **** piety under Lugonu
  4762 | D:7      | Reached skill level 8 in Polearms
  4919 | D:7      | Reached XP level 9. HP: 78/78 MP: 11/11
  5028 | D:7      | Reached skill level 5 in Dodging
  5046 | D:7      | Reached skill level 5 in Invocations
  5092 | D:7      | Noticed Menkaure
  5098 | D:7      | Killed Menkaure
  5615 | D:8      | Noticed Psyche
  5623 | D:8      | Killed Psyche
  5623 | D:8      | Reached skill level 9 in Polearms
  5854 | D:8      | Gained mutation: Your mind is acute. (Int +2) [potion of
                  | mutation]
  5854 | D:8      | Gained mutation: You are frail. (-10% HP) [potion of
                  | mutation]
  5854 | D:8      | Gained mutation: Your body sometimes deteriorates upon
                  | taking damage. [potion of mutation]
  5854 | D:8      | Gained mutation: You are resistant to hostile enchantments.
                  | (MR+) [potion of mutation]
  6048 | D:8      | Found Latanoi's Book Emporium.
  6260 | D:9      | Noticed a manticore
  6281 | D:9      | Reached ***** piety under Lugonu
  6291 | D:9      | HP: 2/72 [manticore (12)]
  6297 | D:9      | Killed a manticore
  6297 | D:9      | Reached skill level 10 in Polearms
  6297 | D:9      | Reached XP level 10. HP: 12/79 MP: 13/13
  6430 | D:9      | Noticed a death yak
  6430 | D:9      | Noticed a death yak
  6519 | D:9      | Noticed a death yak
  7044 | D:9      | Found a staircase to the Lair.
  7146 | D:9      | Noticed a guardian serpent
  7155 | D:9      | Killed a guardian serpent
  7360 | D:10     | Entered Level 10 of the Dungeon
  7486 | D:10     | Reached skill level 11 in Polearms
  7564 | D:10     | Noticed Grum
  7584 | D:10     | Slain by a wolf

Levels and vault maps discovered:
D:1:      wander_arrival_fairy_ring, layout_loops_ring, serial_forest,
          infiniplex_forest_lined_2, infiniplex_forest_lined_2,
          infiniplex_forest_corner_2, infiniplex_forest_clump_medium,
          infiniplex_forest_diagonal, infiniplex_forest_lined_2,
          infiniplex_forest_clump_medium, infiniplex_forest_clump_diagonal,
          infiniplex_forest_clump_medium
D:2:      layout_loops_corners, nicolae_overflow_crystal_walls,
          nemelex_dance_club_becter
D:3:      layout_loops_cross, lemuel_crystal_altar, tso_altar, zin_statuary,
          first_ration
D:4:      layout_cave_pools, old_standard_altar, eat_drink_and_be_merry_uskayaw,
          tgw_xom, uniq_grinder
D:5:      layout_loops_ring, grunt_temple_overflow_growth_and_decay,
          makhleb_altar_promises_db, old_standard_altar,
          nicolae_ru_the_path_less_chosen, minmay_temple_entry_oklob,
          hangedman_decor_riveting, kennysheep_path_1,
          chequers_serial_rivers_small_a, minivault_14
D:6:      layout_cave_pools, elyvilon_altar_5, basic_altar,
          gammafunk_ghost_smash
D:7:      layout_loops_ring, uniq_menkaure
D:8:      layout_cave_pools, serial_shops, shop, uniq_psyche
D:9:      layout_roguey, dpeg_lair_monsters, grunt_ogre_cave,
          nrook_guardian_serpent_ordinary
D:10:     layout_small_grid, grunt_tough_drop, uniq_grum, uniq_harold
Temple:   corrupted_temple

Skill      XL: |  1  2  3  4  5  6  7  8  9 10 |
---------------+-------------------------------+-----
Invocations    | 2 3 4 5 6 |  6.7
Polearms       | 3 4 5 6 8 10 11 | 11.1
Fighting       | 4 5 6 7 8 |  8.7
Shields        | 1 2 3 4 |  4.0
Armour         | 3 4 5 7 8 |  8.1
Dodging        | 2 3 4 6 7 |  7.1

Action                   |  1- 3 |  4- 6 |  7- 9 | 10-12 || total
-------------------------+-------+-------+-------+-------++-------
Melee: Spear             |   123 |   178 |   530 |   118 ||   949
       Headbutt          |    18 |    25 |    95 |    39 ||   177
       Trident           |       |       |       |   115 ||   115
 Fire: Hunting sling     |       |       |   128 |     9 ||   137
Throw: Dart              |       |       |     5 |       ||     5
Invok: Depart the Abyss  |     1 |       |       |       ||     1
       Bend Space        |       |       |     1 |       ||     1
Evoke: Wand              |       |       |     2 |     3 ||     5
  Use: Scroll            |       |       |    14 |       ||    14
       Potion            |       |       |     9 |     2 ||    11
  Eat: Chunk             |     1 |     5 |    12 |     4 ||    22
Armor: Leather armour    |     2 |       |       |       ||     2
       Chain mail        |    42 |    88 |   219 |    89 ||   438
Dodge: Dodged            |    24 |    45 |   162 |    80 ||   311
Block: Shield            |    17 |     4 |       |       ||    21
       Buckler           |       |    23 |    74 |    41 ||   138

Table legend:
 A = Non-vault XP
 B = Vault XP
 C = Vault XP percentage of total XP
 D = Non-vault monster count
 E = Vault monster count
 F = Vault count percentage of total count
                 A         B        C        D         E       F
            +---------+---------+-------+---------+---------+-------
      Total |    7632 |    1655 |  17.8 |     210 |      12 |   5.4
            +---------+---------+-------+---------+---------+-------
        D:1 |      58 |       0 |   0.0 |      32 |       0 |   0.0
        D:2 |      63 |      10 |  13.7 |      15 |       2 |  11.8
        D:3 |     115 |       0 |   0.0 |      25 |       0 |   0.0
        D:4 |     432 |     277 |  39.1 |      18 |       1 |   5.3
        D:5 |     772 |      59 |   7.1 |      19 |       1 |   5.0
        D:6 |     775 |       0 |   0.0 |      19 |       0 |   0.0
        D:7 |     647 |     169 |  20.7 |      17 |       1 |   5.6
        D:8 |    1535 |     418 |  21.4 |      26 |       1 |   3.7
        D:9 |    2525 |     483 |  16.1 |      32 |       4 |  11.1
       D:10 |     710 |     239 |  25.2 |       7 |       2 |  22.2
            +---------+---------+-------+---------+---------+-------
